 Dungeon Crawl Stone Soup version 0.31.0-9-g3a7656b989 (webtiles) character file.

Game seed: 6722221866052356908

692 Marvel the Cleaver (level 7, -1/63 HPs)
             Began as a Hill Orc Fighter on Feb 3, 2024.
             Was a Follower of Okawaru.
             Splashed by a jelly's acid (6 damage)
             ... on level 5 of the Dungeon.
             The game lasted 00:05:47 (4287 turns).

Marvel the Cleaver (Hill Orc Fighter)               Turns: 4287, Time: 00:05:48

Health: -1/63      AC: -1    Str: 21    XL:     7   Next: 63%
Magic:  7/7        EV:  9    Int:  8    God:    Okawaru [*.....]
Gold:   268        SH:  4    Dex: 10    Spells: 6/6 levels left

rFire   . . .        a - +0 war axe
rCold   . . .        c - +0 buckler
rNeg    . . .        b - +0 scale mail
rPois   .            k - melded +0 helmet
rElec   .            (cloak currently unavailable)
rCorr   .            (gloves currently unavailable)
SInv    +            (boots currently unavailable)
Will    .....        (no amulet) Stlth
                     i - ring of see invisible
HPRegen 0.30/turn    (no ring)
MPRegen 0.10/turn

%: no passive effects
@: beast-form, corroded, invisible
A: beast (slay +1)
a: Begin Untransformation, Renounce Religion, Heroism


You were on level 5 of the Dungeon.
You worshipped Okawaru.
Okawaru was aware of your devotion.
You were a hulking beast.
You visited 2 branches of the dungeon, and saw 6 of its levels.

You collected 268 gold pieces.

Inventory:

Hand Weapons
 a - a +0 war axe (weapon)
Armour
 b - a +0 scale mail (worn)
 c - a +0 buckler (worn)
 k - a +0 helmet (melded)
 u - a +0 cloak
Jewellery
 i - a ring of see invisible (left hand)
 s - an amulet of guardian spirit
Talismans
 m - a beast talisman (active)
Wands
 t - a wand of polymorph (13)
Scrolls
 e - a scroll of vulnerability {unknown}
 f - 3 scrolls of identify {unknown}
 h - 6 scrolls of teleportation {unknown}
 j - a scroll of fog {unknown}
 l - 2 scrolls of noise {unknown}
 r - a scroll of acquirement {unknown}
Potions
 d - 2 potions of might
 g - a potion of ambrosia
 p - 2 potions of attraction {unknown}
 q - 2 potions of curing {unknown}


   Skills:
 + Level 6.2 Fighting
 + Level 8.4 Axes
 - Level 3.2 Armour
 - Level 3.2 Shields
 + Level 2.4 Shapeshifting


You had 6 spell levels left.
You didn't know any spells.
Your spell library contained the following spells:

 Spells                   Type           Power      Damage    Failure   Level
 Magic Dart               Conj           0%         1d3       82%         1
 Searing Ray              Conj           0%         2d4       91%         2
 Sublimation of Blood     Necr           0%         N/A       91%         2
 Fulminant Prism          Conj/Alch      0%         3d5       100%        4
 Call Imp                 Summ           Unusable   N/A       N/A         2
 Summon Hydra             Summ           Unusable   N/A       N/A         7

Dungeon Overview and Level Annotations

Branches:
Dungeon (5/15)             Temple (1/1) D:4

Altars:
Ashenzari
Cheibriados
Dithmenos
Elyvilon
Fedhas
Gozag
Hepliaklqana
Kikubaaqudgha
Makhleb
Nemelex Xobeh
Okawaru
Uskayaw
Vehumet
Wu Jian
Xom
Yredelemnul
Zin


Message History

It was a potion of ambrosia.
You are confused.
You feel invigorated. The jelly hits you but does no damage.
It was a potion of invisibility.
You fade into invisibility!
The jelly hits you.
* * * LOW HITPOINT WARNING * * *
You are splashed with acid!
* * * LOW HITPOINT WARNING * * *
The kobold brigand throws a poisoned dart.
The poisoned dart hits the jelly.
It was a potion of heal wounds.
You feel much better. The jelly barely misses you.
You bump into the rock wall.
The kobold throws a stone.
The stone hits the kobold brigand but does no damage.
The jelly hits you. The acid corrodes you!
You are splashed with acid!
* * * LOW HITPOINT WARNING * * *
You bump into the rock wall.
The kobold throws a stone.
The stone closely misses the kobold brigand.
The stone hits the jelly.
The jelly hits you.
* * * LOW HITPOINT WARNING * * *
You are splashed with acid.
* * * LOW HITPOINT WARNING * * *
The kobold brigand throws a poisoned dart.
The poisoned dart hits the jelly!
The jelly is poisoned.
You're too confused to move!
The jelly hits you.
* * * LOW HITPOINT WARNING * * *
The acid corrodes you!
You are splashed with acid!
* * * LOW HITPOINT WARNING * * *
You bump into the rock wall.
The jelly hits you.
* * * LOW HITPOINT WARNING * * *
The acid corrodes you!
You are splashed with acid!
* * * LOW HITPOINT WARNING * * *
You're too confused to move!
You feel less invigorated.
You feel less confused. The jelly hits you.
* * * LOW HITPOINT WARNING * * *
The acid corrodes you!
You are splashed with acid.
You die...
Xom chuckles heartily!

#......#.##.....#
..........#+#.####
#######...#.#.+..
##....###.
##..##.. #...#'#
#.#.K.#
#.###.##+## #.#


#KKJh.# #.# #####.# #+# ... #.## .. ##. #. .# You could see a kobold brigand
(unable to see you), a jelly (very poisoned) and a kobold (unable to see you).

Vanquished Creatures
  Grinder (D:4)
  Menkaure (D:4)
  3 bombardier beetles
  An orc priest (D:4)
  Crazy Yiuf (D:4)
  Natasha (D:3)
  An iguana (D:4)
  2 orc wizards (D:4)
  7 gnolls (D:4)
  A dart slug (D:3)
  4 orcs
  4 endoplasms
  2 giant cockroaches
  7 goblins
  7 hobgoblins
  3 jackals (D:2)
  8 kobolds
  A quokka (D:4)
  4 ball pythons
  9 bats
  4 frilled lizards
  6 rats
78 creatures vanquished.

Notes
Turn   | Place    | Note
-------+----------+-------------------------------------------
     0 | D:1      | Marvel the Hill Orc Fighter began the quest for the Orb.
     0 | D:1      | Reached XP level 1. HP: 19/19 MP: 1/1
   129 | D:1      | Reached skill level 3 in Axes
   129 | D:1      | Reached XP level 2. HP: 26/27 MP: 2/2
   909 | D:2      | Reached XP level 3. HP: 34/34 MP: 3/3
  1261 | D:2      | Found a glowing silver altar of Zin.
  1445 | D:3      | Found a faded altar of an unknown god.
  1463 | D:3      | Prayed at the altar of an unknown god.
  1463 | D:3      | Became a worshipper of Xom the Tricky
  1677 | D:3      | Reached skill level 4 in Axes
  1836 | D:3      | XOM: silly message
  1867 | D:3      | Noticed Natasha
  1881 | D:3      | Killed Natasha
  1882 | D:3      | Reached XP level 4. HP: 3/41 MP: 4/4
  2063 | D:3      | XOM: divination: detect creatures
  2400 | D:4      | XOM: silly message
  2401 | D:4      | XOM: divination: magic mapping
  2413 | D:4      | Reached skill level 5 in Fighting
  2534 | D:4      | Reached skill level 5 in Axes
  2571 | D:4      | Reached XP level 5. HP: 39/48 MP: 5/5
  2577 | D:4      | Reached skill level 1 in Shapeshifting
  2718 | D:4      | Noticed Menkaure
  2724 | D:4      | XOM: butterfly on damage
  2725 | D:4      | Killed Menkaure
  2726 | D:4      | Reached skill level 6 in Axes
  2726 | D:4      | Reached XP level 6. HP: 36/56 MP: 6/6
  2846 | D:4      | XOM: divination: detect items
  3088 | D:4      | XOM: cloud trail
  3229 | D:4      | XOM: 5-stop teleportation journey
  3297 | D:4      | Found a staircase to the Ecumenical Temple.
  3307 | Temple   | Entered the Ecumenical Temple
  3438 | Temple   | Fell from the grace of Xom
  3438 | Temple   | Became a worshipper of Warmaster Okawaru
  3703 | D:4      | Noticed Grinder
  3703 | D:4      | Paralysed by Grinder for 3 turns
  3709 | D:4      | Paralysed by Grinder for 3 turns
  3725 | D:4      | Killed Grinder
  3726 | D:4      | Reached skill level 7 in Axes
  3726 | D:4      | Reached XP level 7. HP: 53/63 MP: 7/7
  3796 | D:4      | Reached skill level 8 in Axes
  3797 | D:4      | Reached * piety under Okawaru
  3964 | D:4      | Found a runed translucent door.
  3965 | D:4      | Noticed Crazy Yiuf
  4053 | D:4      | Killed Crazy Yiuf
  4176 | D:5      | Entered Level 5 of the Dungeon
  4276 | D:5      | HP: 3/63 [kobold brigand/+0 whip (1)]
  4279 | D:5      | HP: 1/63 [acid (10)]
  4286 | D:5      | HP: 1/63 [acid (9)]
  4287 | D:5      | Splashed by a jelly's acid

Illustrated notes

Levels and vault maps discovered:
D:1:      mainiacjoe_arrival_reflecting_pool, layout_basic, minmay_quantized
D:2:      kb_forest_paths, layout_basic, basic_altar
D:3:      layout_basic, hellmonk_ecumenical_altar_lost_god, uniq_natasha
D:4:      layout_layer_cave, minmay_temple_entry_offerings,
          kennysheep_generic_room_14, uniq_menkaure, uniq_crazy_yiuf_cottage,
          uniq_grinder
D:5:      nicolae_cairo_tiling_large, layout_basic
Temple:   minmay_crystal_spiral_temple

Skill      XL: |  1  2  3  4  5  6  7 |
---------------+----------------------+-----
Fighting       | 4 5 6 |  6.2
Axes           | 3 4 5 6 7 8 |  8.4
Shapeshifting  | 1 2 |  2.4
Armour         | |  3.2
Shields        | |  3.2

Action                     |  1- 3 |  4- 6 |  7- 9 || total
---------------------------+-------+-------+-------++-------
  Melee: War axe           |   152 |    75 |    35 ||   262
    Use: Potion            |       |     1 |     3 ||     4
 Armour: Scale mail        |   118 |    54 |    36 ||   208
  Dodge: Dodged            |    89 |    32 |    14 ||   135
  Block: Buckler           |    44 |    13 |     6 ||    63
   Form: Beast             |     2 |       |       ||     2
                           |     1 |       |       ||     1
